 Dungeon Crawl Stone Soup version 0.29.1-13-g9f3cf754e1 (webtiles) character file.

Game seed: 12667459548180239471

112 Peloso the Covered (level 4, -2/40 HPs)
             Began as a Minotaur Fighter on Jan 24, 2023.
             Slain by Sigmund
             ... wielding a +0 scythe
              (3 damage)
             ... on level 3 of the Dungeon.
             The game lasted 00:03:55 (1835 turns).

Peloso the Covered (Minotaur Fighter)               Turns: 1835, Time: 00:03:56

Health: -2/40      AC:  9    Str: 21    XL:     4   Next: 64%
Magic:  3/3        EV:  9    Int:  5    God:
Gold:   108        SH:  4    Dex: 11    Spells: 3/3 levels left

rFire   . . .      SeeInvis .   a - +0 long sword
rCold   . . .      Faith    .   d - +0 buckler
rNeg    . . .      Spirit   .   b - +0 scale mail
rPois   +          Reflect  .   (helmet restricted)
rElec   .          Harm     .   c - +1 cloak {rPois}
rCorr   .          Rampage  .   (no gloves)
Will    .....                   (no boots)
Stlth   ..........              (no amulet)
HPRegen 0.13/turn               (no ring)
MPRegen 0.08/turn               (no ring)

@: no status effects
A: horns 2, retaliatory headbutt
a: no special abilities


You were on level 3 of the Dungeon.
You visited 1 branch of the dungeon, and saw 3 of its levels.

You collected 108 gold pieces.

Inventory:

Hand Weapons
 a - a +0 long sword (weapon)
Armour
 b - a +0 scale mail (worn)
 c - a +1 cloak of poison resistance (worn)
 d - a +0 buckler (worn)
Scrolls
 e - 2 scrolls of teleportation
 g - a scroll of butterflies {unknown}
 h - a scroll of identify
Potions
 i - a potion of might
 j - a potion of lignification


   Skills:
 + Level 4.1 Fighting
 + Level 3.7 Long Blades
 + Level 4.7 Armour
 + Level 0.3 Dodging
 + Level 0.8 Stealth
 + Level 4.2 Shields


You had 3 spell levels left.
You didn't know any spells.
Your spell library contained the following spells:

 Spells                   Type           Power      Damage    Failure   Level
 Freezing Cloud           Conj/Ice/Air   0%         6-21      100%        5
 Simulacrum               Ice/Necr       0%         N/A       100%        6
 Polar Vortex             Ice            0%         N/A       100%        9


Dungeon Overview and Level Annotations

Branches:
Dungeon (3/15)

Altars:
Nemelex Xobeh

Annotations:
D:3 Sigmund


Innate Abilities, Weirdness & Mutations

You have a pair of horns on your head.
You reflexively headbutt those who attack you in melee.


Message History

A puff of flame appears from out of thin air!
The puff of flame hits you but does no damage.
You hit something. Your headbutt misses something.
Something hits you but does no damage.
You closely miss something. Something hits you.
An endoplasm comes into view.
You slash something!
You hear some strange, mumbled words.
A puff of flame appears from out of thin air!
The puff of flame hits you!
You barely miss something.
A gnoll comes into view. It is wielding a +2 spear of venom.
Something hits you!
* * * LOW HITPOINT WARNING * * *
You miss something.
The gnoll shouts!
Your headbutt misses something. Something hits you.
* * * LOW HITPOINT WARNING * * *
Something hits you.
* * * LOW HITPOINT WARNING * * *
It was a potion of lignification.
You turn into a tree.
Your +1 cloak of poison resistance melds into your body.
Your +0 scale mail melds into your body.
You no longer feel resistant to poison.
Your roots penetrate the ground.
Something hits you but does no damage.
It was a potion of brilliance.
You feel clever all of a sudden.
A magic dart appears from out of thin air!
The magic dart hits you.
* * * LOW HITPOINT WARNING * * *
It was a potion of cancellation.
Your magical effects are unravelling.
You feel magically purged.
You feel less wooden.
Your +1 cloak of poison resistance unmelds from your body.
Your +0 scale mail unmelds from your body.
You feel resistant to poison.
You feel a little less clever now. Something hits you.
You die...

#########
############.......#
.....##............##..
........####..........#
......<########..###.. #
.......†..)..†..## ..#
......<†....###.####g....
...†............@.{Sg...#
...............#####K....
.............#.# g..
.............#.# .
......#####..#.#
.####.....#.....
.#....###.#..... .#.##.##
#.....( .#.#...##.#..


You could see 2 gnolls, a ball python and a kobold.

Vanquished Creatures
  4 adders
  2 worms
  5 dart slugs
  6 bats
  6 endoplasms
  3 giant cockroaches
  4 goblins
  5 hobgoblins
  5 jackals (D:1)
  5 ball pythons
  A frilled lizard (D:1)
  9 kobolds
  A rat (D:1)
56 creatures vanquished.

Notes
Turn   | Place    | Note
-------+----------+-------------------------------------------
     0 | D:1      | Peloso the Minotaur Fighter began the quest for the Orb.
     0 | D:1      | Reached XP level 1. HP: 19/19 MP: 0/0
    55 | D:1      | Reached XP level 2. HP: 22/27 MP: 1/1
   437 | D:1      | Reached XP level 3. HP: 23/33 MP: 2/2
   787 | D:1      | Found a faded altar of an unknown god.
  1161 | D:2      | Reached XP level 4. HP: 40/40 MP: 3/3
  1742 | D:3      | Found a sparkling altar of Nemelex Xobeh.
  1817 | D:3      | Noticed Sigmund
  1832 | D:3      | HP: 1/40 [something (4)]
  1835 | D:3      | Slain by Sigmund

Illustrated notes

Levels and vault maps discovered:
D:1:      dpeg_arrival_orchard, layout_basic, basic_ecumenical_altar
D:2:      layout_loops_cross, serial_bayou_pond_d
D:3:      layout_rooms, nicolae_overflow_crystal_walls, uniq_natasha,
          uniq_crazy_yiuf_cottage, uniq_sigmund, uniq_grinder

Skill      XL: |  1  2 |
---------------+-------+-----
Shields        | 4 |  4.2
Armour         | 4 |  4.7
Long Blades    | 3 |  3.7
Fighting       | 4 |  4.1
Dodging        | |  0.3
Stealth        | |  0.8

Action                   |  1- 3 |  4- 6 || total
-------------------------+-------+-------++-------
Melee: Long sword        |    81 |    55 ||   136
       Headbutt          |    12 |     6 ||    18
  Use: Potion            |       |     3 ||     3
       Scroll            |       |     2 ||     2
Armor: Scale mail        |    62 |    32 ||    94
       Skin              |       |     1 ||     1
Dodge: Dodged            |    47 |    31 ||    78
Block: Buckler           |    20 |    12 ||    32
